 Dungeon Crawl Stone Soup version 0.28.0-53-g5a82cb258f (webtiles) character file.

Game seed: 7836121951844664537

46144 Plasmagod the Basher (level 14, -18/75 HPs)
             Began as a Vine Stalker Fighter on July 21, 2022.
             Was a High Priest of Makhleb.
             Killed from afar by a white draconian knight (33 damage)
             ... with a shard of ice
             ... in an ice cave.
             The game lasted 00:41:30 (12411 turns).

Plasmagod the Basher (Vine Stalker Fighter)        Turns: 12411, Time: 00:41:30

Health: -18/75     AC: 22    Str: 31      XL:     14   Next: 36%
Magic:  0/21       EV:  9    Int:  6 (8)  God:    Makhleb [*****.]
Gold:   1845       SH: 11    Dex:  7 (9)  Spells: 13/13 levels left

rFire   . . .      SeeInvis +   s - +2 demon whip (vamp)
rCold   + . .      Faith    .   c - +0 buckler
rNeg    . . .      Spirit   +   E - +0 plate armour
rPois   .          Reflect  +   I - +2 helmet
rElec   .          Harm     .   p - +0 cloak
rCorr   .          Rampage  .   w - +2 pair of gloves
Will    +....                   (no boots)
Stlth   ..........              y - amulet of reflection
HPRegen 1.02/turn               b - +6 ring of strength
MPRegen 0.17/turn               o - ring of protection from cold

@: studying Dodging
A: fangs 3, regeneration 1, magic shield, antimagic bite, no potion heal 2,
claws 1, see invisible, clumsy 2, deterioration 1, passive freeze, MP-powered
wands
a: Renounce Religion, Minor Destruction, Lesser Servant of Makhleb, Major
Destruction, Greater Servant of Makhleb


You were in an ice cave.
You worshipped Makhleb.
Makhleb was extremely pleased with you.
You visited 2 branches of the dungeon, and saw 15 of its levels.
You also visited: Ice Cave.

You collected 1959 gold pieces.
You spent 114 gold pieces at shops.

Inventory:

Hand Weapons
 s - a +2 vampiric demon whip (weapon)
Missiles
 t - 4 throwing nets (quivered)
Armour
 c - a +0 buckler (worn)
 p - a +0 cloak (worn)
 w - a +2 pair of gloves (worn)
 E - a +0 plate armour (worn)
 I - a +2 helmet (worn)
Jewellery
 b - a +6 ring of strength (left hand)
 f - a ring of resist corrosion
 j - a +6 ring of intelligence
 o - a ring of protection from cold (right hand)
 y - an amulet of reflection (around neck)
 z - a ring of fire
 C - an amulet of regeneration
 N - a ring of magical power
 P - a ring of protection from fire
Wands
 i - a wand of charming (17)
 u - a wand of digging (12)
 G - a wand of flame (27)
 H - a wand of polymorph (5)
 J - a wand of acid (6)
Scrolls
 l - 2 scrolls of teleportation
 n - a scroll of enchant weapon {unknown}
 r - 5 scrolls of identify
 A - a scroll of acquirement
 D - a scroll of noise
 F - a scroll of amnesia
 K - a scroll of silence
 L - a scroll of fog
 M - a scroll of holy word
 R - a scroll of magic mapping
 S - a scroll of summoning {unknown}
 V - a scroll of brand weapon {unknown}
Potions
 a - a potion of flight
 d - 4 potions of might
 e - 6 potions of curing
 g - a potion of degeneration
 h - 2 potions of resistance
 k - 5 potions of heal wounds
 m - 4 potions of lignification
 q - 4 potions of brilliance
 v - 3 potions of attraction
 x - 4 potions of mutation
 B - a potion of haste
 Q - a potion of magic {unknown}
 T - a potion of ambrosia {unknown}
 U - a potion of berserk rage {unknown}
Miscellaneous
 O - a box of beasts


   Skills:
 + Level 9.3 Fighting
 + Level 3.6 Long Blades
 + Level 12.5 Maces & Flails
 + Level 8.6 Armour
 * Level 8.8 Dodging
 + Level 0.9 Stealth
 + Level 10.2 Shields
 * Level 8.2 Invocations


You had 13 spell levels left.
You didn't know any spells.
Your spell library contained the following spells:

 Spells                   Type           Power      Damage    Failure   Level
 Beastly Appendage        Tmut           0%         N/A       99%         1
 Corpse Rot               Necr/Air       0%         N/A       100%        2
 Poisonous Vapours        Pois/Air       0%         N/A       100%        2
 Wereblood                Tmut           0%         N/A       100%        2
 Conjure Flame            Conj/Fire      0%         6-21      100%        3
 Dazzling Flash           Conj/Hex       0%         N/A       100%        3
 Gell's Gravitas          Tloc           0%         N/A       100%        3
 Ignite Poison            Fire/Tmut/Pois 0%         N/A       100%        3
 Lesser Beckoning         Tloc           0%         N/A       100%        3
 Spider Form              Tmut/Pois      0%         N/A       100%        3
 Teleport Other           Tloc           0%         N/A       100%        3
 Tukima's Dance           Hex            0%         N/A       100%        3
 Passage of Golubria      Tloc           0%         N/A       100%        4
 Sticky Flame             Conj/Fire      0%         2d3       100%        4
 Agony                    Necr           0%         N/A       100%        5
 Silence                  Hex/Air        0%         N/A       100%        5
 Yara's Violent Unravell  Hex/Tmut       0%         3d3       100%        5


Dungeon Overview and Level Annotations

Branches:
Dungeon (14/15)            Temple (1/1) D:6            Lair (0/6) D:9
    Orc (0/2) D:9          Vaults (0/5) D:13          IceCv (1/1)

Altars:
Ashenzari
Cheibriados
Dithmenos
Elyvilon
Fedhas
Gozag
Hepliaklqana
Kikubaaqudgha
Makhleb
Nemelex Xobeh
Okawaru
Qazlal
Ru
Sif Muna
Trog
Uskayaw
Vehumet
Wu Jian
Xom
Yredelemnul
Zin
The Shining One

Shops:
D:8 *[?(   D:11 *


Innate Abilities, Weirdness & Mutations

You have razor-sharp teeth.
Your natural rate of healing is unusually fast.
When hurt, damage is shared between your health and your magic reserves.
Your bite disrupts and absorbs the magic of your enemies.
Potions cannot restore your health.
You have sharp fingernails.
You have supernaturally acute eyesight. (SInv)
You are very clumsy. (Dex -4)
Your body sometimes deteriorates upon taking damage.
A frigid envelope surrounds you and freezes all who hurt you.
You expend magic power (3 MP) to strengthen your wands.


Message History

The white draconian knight resists.
The white draconian knight is very cold.
The white draconian knight is severely wounded.
You feel your dexterity returning.
You hit the white draconian knight.
You feel better.
Your bite misses the white draconian knight.
The white draconian knight is severely wounded.
You hit the white draconian knight but do no damage.
Your bite misses the white draconian knight.
The white draconian knight is severely wounded.
The white draconian knight completely misses you.
The crimson imp blinks!
You hit the white draconian knight but do no damage.
The white draconian knight is severely wounded.
The white draconian knight points at you and mumbles some strange words.
The bolt of cold hits you! You resist.
* * * LOW HITPOINT WARNING * * *
You whack the white draconian knight!
You feel better.
The white draconian knight is severely wounded.
The white draconian knight closely misses you.
You completely miss the white draconian knight.
Your bite misses the white draconian knight.
The white draconian knight is severely wounded.
You block the white draconian's attack.
The white draconian knight hits you with a +2 battleaxe of freezing!
* * * LOW HITPOINT WARNING * * *
The white draconian knight freezes you.
* * * LOW HITPOINT WARNING * * *
The white draconian knight completely resists.
You hit the white draconian knight but do no damage.
Your bite misses the white draconian knight.
The white draconian knight is severely wounded.
The crimson imp blinks!
You closely miss the white draconian knight.
Your bite misses the white draconian knight.
The white draconian knight is severely wounded.
The white draconian knight points at you and mumbles some strange words.
The shard of ice hits you!! You partially resist.
You die...
Xom chuckles heartily!

##...#
###.###
#..#.##
##.##..#
#..#...#
##..ยง#.##
#####..#
#..5#
##)@# ##q#


dZ# .ZZ# ...## .... ..... #=...# You could see a white draconian knight (fast,
invisible), a white draconian, a crimson imp (summoned), 2 ice dragon simulacra
and a golden dragon simulacrum.

Vanquished Creatures
  Gastronok (D:8)
  Agnes (D:14)
  3 white draconians (IceCv)
  Harold (D:10)
  2 vault guards (D:13)
  2 boulder beetles (D:13)
  2 hydras
  3 centaur warriors (D:14)
  2 catoblepae (D:13)
  2 two-headed ogres
  2 tengu warriors
  A wizard (D:13)
  An orange crystal statue (IceCv)
  An obsidian statue (D:13)
  4 deep elf pyromancers
  A necromancer (D:13)
  6 ugly things (D:14)
  7 cyclopes
  3 centaur zombies
  4 gargoyles
  4 storm dragon simulacra (IceCv)
  5 kobold demonologists
  4 unseen horrors
  A tengu conjurer (D:14)
  4 golden dragon simulacra (IceCv)
  A hornet (D:8)
  4 trolls
  2 polar bears (D:14)
  A meliai zombie (D:10)
  5 slime creatures (D:12)
  A vampire (D:12)
  A centaur simulacrum (D:14)
  35 yaks
  A wraith (D:14)
  A wyvern (D:5)
  21 humans (D:13)
  6 vampire mosquitoes
  A water moccasin (D:8)
  A meliai simulacrum (D:14)
  6 orc warriors
  2 ice beasts
  A black bear (D:5)
  2 sky beasts (D:7)
  3 ice dragon simulacra (IceCv)
  A wolf (D:14)
  10 centaurs
  11 kobold brigands
  2 gnoll sergeants
  A wyvern zombie (D:8)
  4 bullfrogs
  A scorpion (D:5)
  A water moccasin skeleton (D:5)
  A lindwurm simulacrum (IceCv)
  10 killer bees
  8 wights
  4 howler monkeys
  A crimson imp (D:13)
  2 quasits (D:13)
  A bullfrog skeleton (D:4)
  2 hounds
  A jelly (D:4)
  7 orc priests
  Crazy Yiuf (D:2)
  A centaur skeleton (D:5)
  An iron imp (D:13)
  9 orc wizards
  2 killer bee zombies
  A hound zombie (D:5)
  Robin (D:2)
  2 howler monkey zombies
  5 adders
  11 gnolls
  A river rat (D:2)
  A shadow imp (D:13)
  A white imp (D:5)
  2 ufetubi
  A worm (D:3)
  2 dart slugs
  24 orcs
  6 endoplasms
  5 giant cockroaches
  12 goblins
  5 hobgoblins
  8 jackals
  37 kobolds
  3 quokkas
  3 ball pythons
  5 bats
  2 frilled lizards (D:3)
  7 rats
  A bush (D:13)
390 creatures vanquished.

Vanquished Creatures (collateral kills)
  An ogre (D:5)
1 creature vanquished.

Vanquished Creatures (others)
  2 bushes (D:13)
  8 plants (D:13)
10 creatures vanquished.

Grand Total: 401 creatures vanquished

Notes
Turn   | Place    | Note
-------+----------+-------------------------------------------
     0 | D:1      | Plasmagod the Vine Stalker Fighter began the quest for the
                  | Orb.
     0 | D:1      | Reached XP level 1. HP: 11/11 MP: 2/2
    74 | D:1      | Found a faded altar of an unknown god.
   104 | D:1      | Prayed at the altar of an unknown god.
   104 | D:1      | Became a worshipper of Xom of Chaos
   130 | D:1      | Reached XP level 2. HP: 16/16 MP: 3/3
   248 | D:1      | XOM: divination: magic mapping
   723 | D:1      | Reached XP level 3. HP: 7/20 MP: 2/4
  1049 | D:1      | XOM: god gift: 32 gold pieces
  1089 | D:1      | XOM: cloud trail
  1340 | D:2      | XOM: god gift: 13 bolts
  1489 | D:2      | Noticed Sigmund
  1495 | D:2      | XOM: enchant monster (good)
  1497 | D:2      | Noticed Sigmund
  1497 | D:2      | Sigmund changed into Sigmund the river rat
  1497 | D:2      | XOM: polymorph Sigmund -> Sigmund the river rat
  1500 | D:2      | Killed Sigmund the river rat
  1885 | D:2      | XOM: 1-stop teleportation journey
  1906 | D:2      | XOM: god gift: 681 gold pieces
  1913 | D:2      | Gained mutation: Your natural rate of healing is unusually
                  | fast. [Vine Stalker growth]
  1913 | D:2      | Reached XP level 4. HP: 24/24 MP: 5/5
  1953 | D:2      | Noticed Robin
  1975 | D:2      | Killed Robin
  2160 | D:2      | Found a runed translucent door.
  2161 | D:2      | Noticed Crazy Yiuf
  2189 | D:2      | XOM: god gift: 17 stones
  2360 | D:2      | Killed Crazy Yiuf
  2361 | D:2      | Reached XP level 5. HP: 17/28 MP: 0/6
  2546 | D:3      | Found an opulent altar of Gozag.
  3173 | D:4      | Identified the +2 dagger of the Jolly Hells {vorpal, rPois}
  3300 | D:4      | Reached skill level 1 in Maces & Flails
  3552 | D:4      | XOM: god gift: ring of fire
  3593 | D:4      | XOM: god gift: 40 gold pieces
  3817 | D:4      | Identified a scroll of acquirement
  3817 | D:4      | Acquired a +6 ring of strength
  3841 | D:5      | Entered Level 5 of the Dungeon
  3846 | D:5      | Reached XP level 6. HP: 33/33 MP: 7/7
  3906 | D:5      | XOM: fog
  3930 | D:5      | Reached skill level 2 in Maces & Flails
  3963 | D:5      | Noticed a black bear
  3963 | D:5      | XOM: give mutations
  3963 | D:5      | Gained mutation: You have supernaturally acute eyesight.
                  | (SInv) [Xom's grace]
  3963 | D:5      | Gained mutation: You have sharp fingernails. [Xom's grace]
  3963 | D:5      | Gained mutation: You expend magic power (3 MP) to
                  | strengthen your wands. [Xom's grace]
  3963 | D:5      | Gained mutation: You are robust. (+10% HP) [Xom's grace]
  3964 | D:5      | XOM: potion effect (brilliance)
  3965 | D:5      | Noticed a wyvern
  3971 | D:5      | Killed a black bear
  3975 | D:5      | XOM: summons friendly quasit
  3976 | D:5      | Killed a wyvern
  3977 | D:5      | Reached skill level 3 in Maces & Flails
  3977 | D:5      | Reached XP level 7. HP: 37/40 MP: 8/8
  4044 | D:5      | Reached skill level 4 in Maces & Flails
  4150 | D:5      | Found a sacrificial altar of Ru.
  4348 | D:6      | Found a staircase to the Ecumenical Temple.
  4356 | Temple   | Entered the Ecumenical Temple
  4368 | Temple   | Fell from the grace of Xom
  4371 | Temple   | Became a worshipper of Makhleb the Destroyer
  4670 | D:6      | Gained mutation: You have razor-sharp teeth. [Vine Stalker
                  | growth]
  4670 | D:6      | Reached XP level 8. HP: 46/46 MP: 9/9
  4785 | D:6      | You fall into a shaft and drop 3 floors!
  4785 | D:9      | Noticed a yak
  4785 | D:9      | Noticed a yak
  4785 | D:9      | Noticed a yak
  4785 | D:9      | Noticed a yak
  4785 | D:9      | Noticed a yak
  4785 | D:9      | Noticed a yak
  4785 | D:9      | Noticed a yak
  4785 | D:9      | Noticed a yak
  4785 | D:9      | Noticed a yak
  4785 | D:9      | Noticed a yak
  4785 | D:9      | Noticed a yak
  4785 | D:9      | Found a staircase to the Orcish Mines.
  4794 | D:8      | Killed a yak
  4795 | D:8      | Reached skill level 5 in Maces & Flails
  4797 | D:8      | Killed a yak
  4800 | D:8      | Noticed a two-headed ogre
  4803 | D:8      | Noticed a hornet
  4808 | D:8      | Killed a two-headed ogre
  4809 | D:8      | Reached skill level 6 in Maces & Flails
  4809 | D:8      | Reached skill level 1 in Dodging
  4809 | D:8      | Reached XP level 9. HP: 37/50 MP: 7/10
  4815 | D:8      | Killed a hornet
  4932 | D:7      | Reached skill level 7 in Maces & Flails
  5149 | D:7      | Reached skill level 5 in Shields
  5260 | D:7      | Reached skill level 5 in Fighting
  5641 | D:7      | Reached * piety under Makhleb
  5642 | D:7      | Reached skill level 5 in Armour
  6007 | D:8      | Noticed Gastronok
  6118 | D:8      | Found Jemiycem's Antique Weapon Shop.
  6194 | D:8      | Killed Gastronok
  6195 | D:8      | Reached skill level 8 in Maces & Flails
  6195 | D:8      | Reached XP level 10. HP: 35/57 MP: 6/11
  6446 | D:8      | Found Veoci's Assorted Antiques.
  6462 | D:8      | Reached skill level 9 in Maces & Flails
  6492 | D:8      | Bought 3 scrolls of identify for 114 gold pieces
  6630 | D:8      | XOM: summons 4 hostile demons
  6696 | D:8      | Found Hisoup's Magic Scroll Boutique.
  6718 | D:8      | Found Biman's Antique Armour Shoppe.
  6979 | D:8      | XOM: summons 6 hostile demons
  7305 | D:9      | Reached ** piety under Makhleb
  7313 | D:9      | Reached skill level 1 in Invocations
  7370 | D:9      | Reached XP level 11. HP: 31/63 MP: 11/13
  7609 | D:9      | Noticed a cyclops
  7615 | D:9      | Killed a cyclops
  7717 | D:9      | Found a staircase to the Lair.
  7846 | D:9      | Found a broken altar of Ashenzari.
  7947 | D:9      | Found a blossoming altar of Fedhas.
  8019 | D:10     | Entered Level 10 of the Dungeon
  8172 | D:10     | Found a sparkling altar of Nemelex Xobeh.
  8188 | D:10     | Noticed a two-headed ogre
  8194 | D:10     | Killed a two-headed ogre
  8222 | D:10     | Reached *** piety under Makhleb
  8272 | D:10     | Reached skill level 10 in Maces & Flails
  8392 | D:10     | XOM: give mutation
  8392 | D:10     | Gained mutation: A frigid envelope surrounds you and
                  | freezes all who hurt you. [Xom's mischief]
  8462 | D:10     | Found a glowing golden altar of the Shining One.
  8492 | D:10     | Noticed Harold
  8501 | D:10     | Killed Harold
  8737 | D:11     | Identified the +1 robe "Alutiu Dinu" {Will+ Slay+3 SInv}
  8777 | D:11     | Reached XP level 12. HP: 67/69 MP: 12/16
  9144 | D:11     | Found Baylewoi's General Store.
  9271 | D:12     | XOM: noise
  9405 | D:12     | Reached skill level 5 in Invocations
  9533 | D:12     | Noticed a six-headed hydra
  9537 | D:12     | Killed a six-headed hydra
  9560 | D:12     | Reached **** piety under Makhleb
  9561 | D:12     | Reached skill level 5 in Dodging
  9627 | D:12     | XOM: silly message
  9727 | D:12     | XOM: silly message
  9779 | D:12     | Reached skill level 11 in Maces & Flails
  9815 | D:12     | XOM: silly message
 10115 | D:13     | XOM: silly message
 10211 | D:13     | Noticed a catoblepas
 10221 | D:13     | Killed a catoblepas
 10324 | D:13     | Noticed a boulder beetle
 10336 | D:13     | Killed a boulder beetle
 10403 | D:13     | Reached XP level 13. HP: 74/74 MP: 18/18
 10417 | D:13     | XOM: noise
 10435 | D:13     | Noticed a vault guard
 10459 | D:13     | Killed a vault guard
 10462 | D:13     | Noticed a vault guard
 10487 | D:13     | Killed a vault guard
 10554 | D:13     | Found a gate to the Vaults.
 10794 | D:13     | Reached skill level 12 in Maces & Flails
 10876 | D:13     | Found the +3 robe of Clouds {*Thunder rCloud rElec}
 10891 | D:13     | Reached ***** piety under Makhleb
 10937 | D:13     | XOM: noise
 11155 | D:13     | Identified the +11 great mace of Vicuguid {chaos, MP+9}
 11193 | D:13     | XOM: noise
 11689 | D:14     | XOM: give mutations
 11689 | D:14     | Gained mutation: Your body sometimes deteriorates upon
                  | taking damage. [Xom's mischief]
 11689 | D:14     | Gained mutation: You are clumsy. (Dex -2) [Xom's mischief]
 11689 | D:14     | Lost mutation: You are robust. (+10% HP) [Xom's mischief]
 11689 | D:14     | Gained mutation: You are very clumsy. (Dex -4) [Xom's
                  | mischief]
 11700 | D:14     | Noticed Agnes
 11713 | D:14     | Killed Agnes
 11753 | D:14     | Reached XP level 14. HP: 75/75 MP: 20/20
 11846 | D:14     | Reached skill level 10 in Shields
 11918 | D:14     | Found a broken altar of Ashenzari.
 12040 | D:14     | Found a frozen archway.
 12063 | IceCv    | Entered an ice cave
 12088 | IceCv    | Noticed a white draconian
 12102 | IceCv    | Noticed a white draconian
 12113 | IceCv    | Killed a white draconian
 12127 | IceCv    | Killed a white draconian
 12135 | IceCv    | Noticed a white draconian
 12359 | IceCv    | XOM: summons 10 hostile demons
 12386 | IceCv    | Noticed a white draconian
 12386 | IceCv    | Noticed a white draconian knight
 12386 | IceCv    | Noticed a white draconian
 12404 | IceCv    | Killed a white draconian
 12411 | IceCv    | Killed from afar by a white draconian knight

Illustrated notes

Levels and vault maps discovered:
D:1:      psy_arrival_dodecagon, layout_rooms,
          hellmonk_ecumenical_altar_lost_god, minmay_door_square,
          minmay_tetromino_l4
D:2:      layout_loops_ring, uniq_crazy_yiuf_cottage, uniq_robin, uniq_sigmund
D:3:      layout_basic, grunt_gozag_breadcrumbs
D:4:      layout_basic, corexii_hall_statues_i, hangedman_abyss_or_decor_slice
D:5:      layout_basic, nicolae_ru_the_path_less_chosen, lemuel_old_faithful
D:6:      layout_gridville, minmay_temple_entry_stoned_glass
D:7:      layout_basic, ebering_dispersal_statue_hall,
          chequers_serial_rivers_small_b
D:8:      layout_layer_cave, serial_shops, shop, shop_statue,
          kennysheep_little_box, shop, uniq_gastronok
D:9:      layout_cave_pools, marbit_many_paths, kennysheep_mini,
          dpeg_oklobed_lair
D:10:     minmay_angry_zag, layout_cave_pools, nemelex_spade_bored_becter,
          tso_oasis_becter, uniq_harold
D:11:     layout_basic, serial_shops, kennysheep_mini_moat
D:12:     layout_roguey
D:13:     kennysheep_kobold_grotto, layout_irregular_city,
          grunt_vaults_entry_tiered
D:14:     layout_loops_ring, cheibrodos_ashenzari_chains, serial_ice,
          serial_ice_m, serial_ice_o, serial_ice_e, serial_ice_i,
          portal_ice_cave_entry_pillars_2, serial_shops,
          nicolae_shop_waterfront, uniq_agnes
Temple:   nicolae_temple_elliptical
IceCv:    ice_cave_small_dragons

Skill      XL: |  1  2  3  4  5  6  7  8  9 10 11 12 13 14 |
---------------+-------------------------------------------+-----
Long Blades    | 2 3 |  3.6
Fighting       | 3 4 5 6 7 8 9 |  9.3
Shields        | 3 4 6 7 8 9 10 | 10.2
Armour         | 3 4 5 6 7 8 |  8.6
Maces & Flails | 1 3 4 6 8 9 10 11 12 | 12.5
Dodging        | 1 2 3 6 8 |  8.8
Invocations    | 2 4 6 7 8 |  8.2
Stealth        | |  0.9

Action                   |  1- 3 |  4- 6 |  7- 9 | 10-12 | 13-15 || total
-------------------------+-------+-------+-------+-------+-------++-------
Melee: Long sword        |    77 |    65 |       |       |       ||   142
       Bite              |    15 |    37 |    47 |   190 |   207 ||   496
       Demon whip        |       |    70 |   175 |   607 |   591 ||  1443
Invok: Renounce Religion |       |       |     1 |       |       ||     1
       Major Destruction |       |       |       |       |     3 ||     3
  Use: Scroll            |       |    11 |     1 |    10 |       ||    22
       Potion            |       |       |       |     1 |       ||     1
Armor: Scale mail        |    30 |    39 |       |       |       ||    69
       Chain mail        |       |    41 |    58 |   141 |       ||   240
       Plate armour      |       |       |       |   143 |   247 ||   390
Dodge: Dodged            |    32 |    53 |    42 |   237 |   144 ||   508
Block: Buckler           |    12 |    44 |    82 |   360 |   252 ||   750
       Reflection        |       |       |       |     7 |    22 ||    29
